 Dungeon Crawl Stone Soup version 0.25-b1-46-gb8a1ec05df (webtiles) character file.

Game seed: 17773591334224801415

344 MadHawk the Chopper (level 6, -3/53 HPs)
             Began as a Hill Orc Fighter on June 11, 2020.
             Killed by divine providence
             ... invoked by an orc priest
              (11 damage)
             ... on level 4 of the Dungeon.
             The game lasted 00:38:28 (4137 turns).

MadHawk the Chopper (Hill Orc Fighter)              Turns: 4137, Time: 00:38:30

Health: -3/53      AC:  9    Str: 20    XL:     6   Next: 58%
Magic:  6/6        EV:  7    Int:  8    God:
Gold:   101        SH:  9    Dex: 11    Spells: 5/5 levels left

rFire    + . .     SeeInvis .   a - +0 war axe
rCold    + . .     Gourm    .   c - +0 kite shield
rNeg     . . .     Faith    .   b - +0 scale mail
rPois    +         Spirit   .   (no helmet)
rElec    +         Reflect  .   i - +0 cloak
rCorr    +         Harm     .   u - +0 pair of gloves
MR       .....                  (no boots)
Stlth    ..........             E - amulet of regeneration
HPRegen  0.57/turn              m - ring of wizardry
MPRegen  0.10/turn              (no ring)

@: mighty, resistant, flying, very slightly contaminated
A: no striking features
a: Convert to Beogh


You were on level 4 of the Dungeon.
You were hungry.

You visited 1 branch of the dungeon, and saw 4 of its levels.

You collected 101 gold pieces.

Inventory:

Hand Weapons
 a - a +0 war axe (weapon)
 d - a +3 quarterstaff of chaos
 k - a +0 dagger
 t - a +0 hunting sling
 x - a +1 dagger of electrocution
 z - a +2 short sword of protection
Missiles
 e - 169 stones (quivered)
 g - 22 bolts
 j - 22 poisoned darts
 v - 24 arrows
 A - 7 atropa-tipped darts
Armour
 b - a +0 scale mail (worn)
 c - a +0 kite shield (worn)
 i - a +0 cloak (worn)
 u - a +0 pair of gloves (worn)
Jewellery
 m - a ring of wizardry (left hand)
 q - an uncursed amulet of the acrobat
 E - an amulet of regeneration (around neck)
Scrolls
 h - a scroll of fear {unknown}
 l - a scroll of teleportation {unknown}
 o - a scroll of immolation {unknown}
 s - a scroll of noise {unknown}
 w - a scroll of remove curse
Potions
 r - a potion of ambrosia {unknown}
Comestibles
 f - 4 rations
 B - 3 chunks of flesh


   Skills:
 + Level 4.6 Fighting
 + Level 6.3 Axes
 + Level 0.9 Staves
 + Level 0.7 Throwing
 + Level 4.4 Armour
 + Level 0.4 Dodging
 + Level 0.3 Stealth
 + Level 3.9 Shields


You had 5 spell levels left.
You didn't know any spells.
Your spell library contained the following spells:

 Spells                   Type           Power        Failure   Level  Hunger
 Magic Dart               Conj           #...         86%         1    ##.....
 Blink                    Tloc           N/A          95%         2    ###....
 Call Imp                 Summ           #.......     95%         2    ###....
 Slow                     Hex            #.......     95%         2    ###....
 Conjure Flame            Conj/Fire      #.......     99%         3    ####...
 Mephitic Cloud           Conj/Pois/Air  #.......     99%         3    ####...


Dungeon Overview and Level Annotations

Branches:
Dungeon (4/15)
 Temple: D:4-7

Altars:
Xom


Message History

You slash the orc!
You kill the orc!
The orc priest invokes the aid of Beogh against you.
Beogh smites you!
* * * LOW HITPOINT WARNING * * *
You block the quokka's attack.
You closely miss the quokka. You block the quokka's attack.
You closely miss the quokka. The quokka bites you.
* * * LOW HITPOINT WARNING * * *
The quokka bites you but does no damage.
It was a potion of resistance.
You feel protected.
The quokka bites you but does no damage.
It was a potion of flight.
You feel very buoyant.
You fly up into the air.
The quokka bites you but does no damage.
The orc priest calls down the wrath of Beogh upon you.
Beogh smites you!
You die...

#########
#..$....#
#.......#
#.......#
#.......#
#.......#########
#......or@.......
##......o########.
##........##....
#.........#.....
#......((.......
#...............
#...............
#...............
##.......#......


You could see 2 orc priests and a quokka.

Vanquished Creatures
  Crazy Yiuf (D:2)
  3 orc priests (D:3)
  An orc wizard (D:3)
  Jessica (D:2)
  2 adders
  2 river rats (D:3)
  3 worms (D:2)
  4 dart slugs
  4 leopard geckos
  18 orcs
  9 giant cockroaches
  7 goblins
  8 hobgoblins
  3 jackals (D:1)
  2 quokkas
  A ball python (D:3)
  10 bats
  4 frilled lizards
  9 kobolds
  A quokka skeleton (D:4)
  14 rats
  7 bushes (D:2)
  2 fungi (D:1)
  10 plants (D:2)
126 creatures vanquished.

Vanquished Creatures (others)
  A plant (D:2)
1 creature vanquished.

Grand Total: 127 creatures vanquished

Notes
Turn   | Place    | Note
-------+----------+-------------------------------------------
     0 | D:1      | MadHawk the Hill Orc Fighter began the quest for the Orb.
     0 | D:1      | Reached XP level 1. HP: 19/19 MP: 1/1
   134 | D:1      | Reached XP level 2. HP: 27/27 MP: 2/2
   210 | D:1      | Reached skill level 3 in Axes
  1095 | D:2      | Reached XP level 3. HP: 33/33 MP: 3/3
  1266 | D:2      | Reached skill level 4 in Axes
  1501 | D:2      | Found a runed translucent door.
  1502 | D:2      | Noticed Crazy Yiuf
  1513 | D:2      | Killed Crazy Yiuf
  1513 | D:2      | Reached XP level 4. HP: 25/40 MP: 4/4
  1979 | D:2      | Noticed Jessica
  1982 | D:2      | Killed Jessica
  1982 | D:2      | Reached skill level 5 in Axes
  1982 | D:2      | Reached XP level 5. HP: 47/47 MP: 5/5
  2090 | D:2      | Found a shimmering altar of Xom.
  3351 | D:3      | Reached XP level 6. HP: 33/53 MP: 6/6
  3360 | D:3      | Reached skill level 6 in Axes
  4137 | D:4      | Killed from afar by an orc priest

Illustrated notes

Levels and vault maps discovered:
D:1:      dpeg_arrival_prison, layout_basic, serial_bayou_pond_d
D:2:      layout_loops_ring, brannock_xom_greatest_gift, first_ration,
          lexackson_kobold_supper, uniq_jessica, uniq_crazy_yiuf_cottage
D:3:      layout_rooms, portal_sewer_entry_e
D:4:      layout_rooms, hex_tiny, cheibrodos_gnoll_hut

Skill      XL: |  1  2  3  4  5  6 |
---------------+-------------------+-----
Fighting       | 4 |  4.6
Axes           | 3 4 5 6 |  6.3
Armour         | 4 |  4.4
Staves         | |  0.9
Throwing       | |  0.7
Dodging        | |  0.4
Stealth        | |  0.3
Shields        | |  3.9

Action                   |  1- 3 |  4- 6 || total
-------------------------+-------+-------++-------
Melee: War axe           |   121 |   446 ||   567
       Quarterstaff      |       |    17 ||    17
Throw: Stone             |    32 |    74 ||   106
  Use: Potion            |     3 |     5 ||     8
       Scroll            |       |     6 ||     6
  Eat: Chunk             |     2 |     6 ||     8
       Ration            |       |     1 ||     1
Armor: Scale mail        |    47 |    74 ||   121
Dodge: Dodged            |    40 |    53 ||    93
Block: Kite shield       |    65 |    77 ||   142
